 Dungeon Crawl Stone Soup version 0.19.5 (webtiles) character file.

32995 theElss the Fighter (level 13, -1/88 HPs)
             Began as a Gargoyle Berserker on Apr 14, 2017.
             Was a High Priest of Trog.
             Killed from afar by a starcursed mass (9 damage)
             ... with an accursed screaming
             ... on level 4 of the Abyss.
             The game lasted 00:55:42 (15175 turns).

theElss the Fighter (Gargoyle Berserker)           Turns: 15175, Time: 00:55:43

Health: -1/88      AC: 32    Str: 25    XL:     13   Next: 68%
Magic:  13/13      EV:  6    Int:  9    God:    Trog [*****.]
Gold:   406        SH:  6    Dex:  9    Spells: 0 memorised, 12 levels left

rFire  + + .     SeeInvis +     F - +6 war axe "Maxkecim" {freeze, rF+ rC+}
rCold  + + .     Gourm    +     M - +0 gold dragon scales
rNeg   + . .     Faith    .     q - +0 buckler
rPois  ∞         Spirit   .     X - +0 helmet
rElec  +         Reflect  .     b - +0 cloak
rCorr  .         Harm     .     (no gloves)
MR     +++..                    k - +0 pair of boots {Fly}
Stlth  ..........               I - amulet of the gourmand
                                K - ring of see invisible
                                a - ring of protection from magic

@: about to teleport, flying, regenerating
A: negative energy resistance 1, electricity resistance, unbreathing,
petrification resistance, rot immunity, AC +9
a: Berserk, Trog's Hand, Brothers in Arms, Burn Spellbooks, Renounce Religion,
Stop Flying


You were on level 4 of the Abyss.
You worshipped Trog.
Trog was extremely pleased with you.
You were full.

You visited 3 branches of the dungeon, and saw 17 of its levels.
You visited the Abyss 1 time.
You also visited: Bailey.

You collected 984 gold pieces.
You spent 578 gold pieces at shops.

Inventory:

Hand Weapons
 y - the +10 broad axe of Cauzigg {chop, rPois MP+9 Str+4}
   (You found it on level 4 of the Dungeon)

   It inflicts extra damage upon your enemies.
   It affects your strength (+4).
   It protects you from poison.
   It affects your magic capacity (+9).
 F - the +6 war axe "Maxkecim" (weapon) {freeze, rF+ rC+}
   (You found it on level 6 of the Dungeon)

   It has been specially enchanted to freeze those struck by it, causing extra
   injury to most foes and up to half again as much damage against particularly
   susceptible opponents.
   It can also slow down cold-blooded creatures.
   It protects you from fire.
   It protects you from cold.
Armour
 b - a +0 cloak (worn)
 k - a +0 pair of boots of flying (worn)
 q - a +0 buckler (worn)
 v - a +2 pair of boots
 M - +0 gold dragon scales (worn)
 X - a +0 helmet (worn)
Jewellery
 a - a ring of protection from magic (left hand)
 n - a +4 ring of intelligence {unknown}
 I - an amulet of the gourmand (around neck)
 K - a ring of see invisible (right hand)
Wands
 i - a wand of paralysis (11/24)
 A - a wand of polymorph (10/24)
 D - a wand of teleportation (5/9)
 L - a wand of flame (34/48)
 S - a wand of hasting (3/9)
Scrolls
 d - 5 scrolls of identify
 f - 3 scrolls of fear
 h - 10 scrolls of remove curse
 l - a scroll of recharging
 m - a scroll of enchant weapon
 o - 2 scrolls of fog
 r - 5 scrolls of teleportation
 u - 3 scrolls of blinking
 z - 5 scrolls of magic mapping
Potions
 e - a potion of resistance {unknown}
 p - 5 potions of brilliance
 s - 3 potions of heal wounds
 w - 2 potions of magic
 G - 7 potions of curing
 N - 3 potions of invisibility
 O - 2 potions of might
 Z - a potion of cancellation
Comestibles
 c - 9 bread rations
 g - a beef jerky
 j - 7 meat rations
 t - 10 fruits
 Y - 2 slices of pizza


   Skills:
 - Level 13.6 Fighting
   Level 12.5 Maces & Flails
 - Level 11.9 Armour
 - Level 2.0 Dodging
 + Level 11.3 Shields


You had 12 spell levels left.
You didn't know any spells.

Dungeon Overview and Level Annotations

Branches:
Dungeon (13/15)            Temple (1/1) D:6            Lair (3/6) D:10
 Shoals (0/4) Lair:2          Orc (0/2) D:12
  Snake: Lair:2-4    Spider: Lair:2-4    Vaults: D:13-14

Altars:
Ashenzari
Cheibriados
Dithmenos
Fedhas
Nemelex Xobeh
Qazlal
Ru
Sif Muna
Trog
Uskayaw
Zin
The Shining One

Shops:
D:4 ?:*


Innate Abilities, Weirdness & Mutations

You are resistant to torment.
Your stone body is resilient. (AC +9)
You are immune to poison.
You resist negative energy. (rN+)
You are resistant to electric shocks. (rElec)
You can survive without breathing.
You are immune to petrification.
You are immune to rotting.


Message History

A starspawn tentacle comes into view.
A starspawn tentacle comes into view.
Your skin crawls.
You feel resistant to hostile enchantments.
You feel somewhat less full. The tentacled starspawn bites you!
* * * LOW HITPOINT WARNING * * *
The tentacled starspawn engulfs you but does no damage.
Unknown command.
A tentacle flies out from the starspawn's body!
A starspawn tentacle comes into view.
Found 24 stones.
You block the starspawn tentacle's attack.
The starspawn tentacle grabs you.
* * * LOW HITPOINT WARNING * * *
The starspawn tentacle constricts you.
A starspawn tentacle comes into view.
Unknown command.
You escape the starspawn tentacle's grasp.
A chorus of shrieks assaults your mind.
You die...

.. . ## .###.#
..... # # #... #.
#.## #.. ..#.#(#
#.# . #
#...#Λ##@##.# ##
.. ..│#w.#..# .
..#.###.#X.w##.#
#. # #.
...#..#│.# ..
.X#.##..##>####│#
.# ..#.. X─.##.
│# # #.....#X\##.
/## #
#.≈..#X.#.#...
...
#X....##...... .
.


You could see 2 starcursed masses, 2 tentacled starspawn and a starspawn
tentacle.

Vanquished Creatures
  The ghost of TBriggs11TB the Spear-Bearer, a journeyman MiBe of Trog (Bailey)
  The ghost of Frank the Basher, a journeyman GrFi of the Shining One (Lair:2)
  2 hydras
  A centaur warrior (D:13)
  A tengu warrior (D:13)
  Sonja (D:12)
  An unseen horror (D:11)
  2 hill giants
  3 orc knights (Bailey)
  A manticore (D:11)
  3 ugly things
  2 deep elf magi
  3 cyclopes
  2 centaur zombies
  A black mamba (Lair:2)
  A siren (Lair:2)
  3 spiny frogs (Lair:1)
  Psyche (D:11)
  An orange demon (Abyss:3)
  2 komodo dragons
  The ghost of Turgon the Chopper, a novice OpWz of Ashenzari (D:5)
  2 freezing wraiths (D:12)
  A tengu conjurer (D:13)
  A troll (D:9)
  A merfolk (Lair:2)
  2 hornets
  A raiju (Abyss:3)
  3 slime creatures (D:12)
  2 blink frogs (Lair:1)
  Prince Ribbit (Lair:1)
  4 hippogriffs
  Sigmund (D:5)
  3 large abominations
  2 wraiths (D:12)
  3 wyverns
  6 yaks (Lair:1)
  A steam dragon (D:8)
  Grum (D:9)
  4 hungry ghosts
  The ghost of Hordtkhen the Cutter, an amateur GrBe of Trog (D:3)
  Duvessa (D:5)
  2 small abominations (Abyss:4)
  4 porcupines (Lair:1)
  6 water moccasins
  11 orc warriors
  A black bear (shapeshifter) (D:13)
  2 sky beasts
  A necrophage (D:6)
  A phantom (D:13)
  3 ice beasts
  A hornet zombie (D:11)
  4 black bears
  13 ogres
  9 centaurs
  6 wolves
  6 crocodiles
  4 big kobolds
  11 bullfrogs
  A wyvern zombie (D:11)
  5 scorpions
  Dowan (D:5)
  7 killer bees
  10 wights
  8 howler monkeys
  7 crimson imps
  A bullfrog zombie (D:8)
  6 hounds
  Crazy Yiuf (D:2)
  A jelly (D:9)
  5 orc priests
  A bullfrog skeleton (D:4)
  4 centaur skeletons
  A gnoll shaman (D:8)
  13 orc wizards
  4 iguanas
  7 worker ants
  Terence (D:3)
  A hound zombie (D:10)
  Robin (D:2)
  10 gnolls
  15 adders
  3 river rats (D:10)
  2 shadow imps
  An ooze (D:1)
  3 adder skeletons
  4 worms
  3 dart slugs
  4 leopard geckos
  89 orcs
  4 giant cockroaches
  21 goblins
  6 hobgoblins
  19 jackals
  5 quokkas
  2 ball pythons
  12 bats
  6 frilled lizards
  A jackal zombie (D:8)
  20 kobolds
  15 rats
  A fungus (D:10)
  3 plants (D:10)
  2 starspawn tentacles (Abyss:4)
497 creatures vanquished.

Vanquished Creatures (collateral kills)
  A death knight (D:12)
  A gargoyle (D:12)
  A white imp (Abyss:3)
3 creatures vanquished.

Vanquished Creatures (others)
  5 fungi
  2 plants
  7 starspawn tentacles (Abyss:4)
14 creatures vanquished.

Grand Total: 514 creatures vanquished

Notes
Turn   | Place    | Note
-------+----------+-------------------------------------------
     0 | D:1      | theElss the Gargoyle Berserker began the quest for the Orb.
     0 | D:1      | Reached XP level 1. HP: 14/14 MP: 1/1
   110 | D:1      | Reached XP level 2. HP: 19/19 MP: 2/2
   472 | D:2      | Reached XP level 3. HP: 23/23 MP: 3/3
   519 | D:2      | Noticed Robin
   564 | D:2      | Reached ** piety under Trog
   584 | D:2      | Killed Robin
   592 | D:2      | Reached XP level 4. HP: 21/28 MP: 4/4
   848 | D:2      | Found a stormy altar of Qazlal.
   902 | D:2      | Reached skill level 5 in Maces & Flails
  1347 | D:2      | Reached XP level 5. HP: 31/32 MP: 5/5
  1377 | D:2      | Found a runed door.
  1440 | D:2      | Found a shattered altar of Ashenzari.
  1651 | D:2      | Noticed Crazy Yiuf
  1662 | D:2      | Killed Crazy Yiuf
  1813 | D:3      | Reached *** piety under Trog
  1903 | D:3      | Noticed Terence
  1911 | D:3      | Killed Terence
  1915 | D:3      | Reached XP level 6. HP: 37/37 MP: 6/6
  2062 | D:3      | Noticed Hordtkhen's ghost (amateur GrBe)
  2074 | D:3      | Killed Hordtkhen's ghost
  2323 | D:3      | Found a hide-covered altar of Uskayaw.
  2455 | D:3      | Found a deep blue altar of Sif Muna.
  2514 | D:4      | Found Tigut's Book Shoppe.
  2601 | D:4      | Got a translucent broad axe
  2602 | D:4      | Identified the +10 broad axe of Cauzigg {chop, rPois MP+9 Str+4} (You found it on level 4 of the Dungeon)
  2617 | D:4      | Reached XP level 7. HP: 41/41 MP: 7/7
  3043 | D:4      | Found Rorphuih's General Store.
  3053 | D:4      | Bought a scroll of magic mapping for 49 gold pieces
  3053 | D:4      | Bought 3 scrolls of identify for 84 gold pieces
  3121 | D:4      | Found Qikeati's Magic Scroll Boutique.
  3128 | D:4      | Bought a scroll of remove curse for 33 gold pieces
  3320 | D:5      | Entered Level 5 of the Dungeon
  3324 | D:5      | Noticed Turgon's ghost (novice OpWz)
  3324 | D:5      | Noticed Dowan
  3336 | D:5      | Killed Turgon's ghost
  3336 | D:5      | Killed Dowan
  3358 | D:5      | Reached XP level 8. HP: 39/46 MP: 8/8
  3367 | D:5      | Noticed Duvessa
  3375 | D:5      | Noticed Sigmund
  3375 | D:5      | Killed Duvessa
  3430 | D:5      | Killed Sigmund
  3430 | D:5      | Reached skill level 10 in Maces & Flails
  3604 | D:5      | Reached **** piety under Trog
  3864 | D:5      | Noticed a hippogriff
  3871 | D:5      | Killed a hippogriff
  3966 | D:4      | Bought a scroll of blinking for 82 gold pieces
  4051 | D:6      | Reached XP level 9. HP: 51/51 MP: 9/9
  4209 | D:6      | Got a faintly glowing war axe
  4353 | D:6      | Found a staircase to the Ecumenical Temple.
  5087 | D:7      | Reached skill level 4 in Fighting
  5276 | D:7      | Identified the +6 war axe "Maxkecim" {freeze, rF+ rC+} (You found it on level 6 of the Dungeon)
  5347 | D:8      | Reached skill level 5 in Fighting
  5471 | D:8      | Reached ***** piety under Trog
  5522 | D:8      | Reached XP level 10. HP: 54/60 MP: 10/10
  5588 | D:8      | Reached skill level 6 in Fighting
  5916 | D:8      | Reached skill level 5 in Armour
  6352 | D:9      | Reached skill level 7 in Fighting
  7067 | D:9      | Found Zin's Purification Station.
  7070 | D:9      | Found a glowing silver altar of Zin.
  7072 | D:9      | Noticed Grum
  7079 | D:9      | Reached skill level 8 in Fighting
  7083 | D:9      | Killed Grum
  7097 | D:9      | Bought a potion of curing for 90 gold pieces
  7242 | D:9      | Found a bloodstained altar of Trog.
  7559 | D:10     | Entered Level 10 of the Dungeon
  7993 | D:10     | Found a deep blue altar of Sif Muna.
  8028 | D:10     | Found a staircase to the Lair.
  8084 | D:10     | Reached skill level 9 in Fighting
  8108 | D:10     | Identified the Tome of Twisted Orientation
  8393 | D:10     | Reached XP level 11. HP: 70/71 MP: 11/11
  8515 | D:11     | Noticed a cyclops
  8516 | D:11     | Noticed Psyche
  8520 | D:11     | Killed Psyche
  8524 | D:11     | Killed a cyclops
  8557 | D:11     | Reached ****** piety under Trog
  8557 | D:11     | Received a gift from Trog
  8589 | D:11     | Reached skill level 10 in Fighting
  8619 | D:11     | Found a glowing golden altar of the Shining One.
  8621 | D:11     | Noticed a hill giant
  8633 | D:11     | Killed a hill giant
  8634 | D:11     | Noticed a manticore
  8642 | D:11     | Killed a manticore
  8666 | D:11     | Noticed a cyan ugly thing
  8676 | D:11     | Killed a cyan ugly thing
  8903 | D:11     | Reached skill level 11 in Fighting
  8919 | D:11     | Killed an unseen horror
  9351 | D:12     | Noticed a deep elf mage
  9357 | D:12     | Killed a deep elf mage
  9410 | D:12     | Noticed a four-headed hydra
  9418 | D:12     | Reached skill level 10 in Armour
  9421 | D:12     | Noticed a cyclops
  9422 | D:12     | Killed a nine-headed hydra
  9422 | D:12     | Reached skill level 12 in Fighting
  9426 | D:12     | Killed a cyclops
  9426 | D:12     | Reached XP level 12. HP: 65/81 MP: 12/12
  9470 | D:12     | Noticed Sonja
  9487 | D:12     | Killed Sonja
  9652 | D:12     | Noticed a death knight
  9667 | D:12     | Killed a death knight
 10065 | D:12     | Reached skill level 13 in Fighting
 10075 | D:12     | Found a staircase to the Orcish Mines.
 10437 | D:13     | Noticed a centaur warrior
 10442 | D:13     | Killed a centaur warrior
 10454 | D:13     | Received a gift from Trog
 10461 | D:13     | Got a crude dire flail {god gift}
 10465 | D:13     | Identified the +9 dire flail of Disorder {elec, rF++} (Trog gifted it to you on level 13 of the Dungeon)
 10522 | D:13     | Noticed a tengu warrior
 10544 | D:13     | Killed a tengu warrior
 10907 | D:13     | Found a flagged portal.
 10934 | Bailey   | Entered a bailey
 10936 | Bailey   | Noticed TBriggs11TB's ghost (journeyman MiBe)
 10962 | Bailey   | Killed TBriggs11TB's ghost
 10962 | Bailey   | Reached skill level 5 in Shields
 11155 | Bailey   | Reached XP level 13. HP: 87/88 MP: 13/13
 12920 | D:4      | Bought a scroll of silence for 82 gold pieces
 12920 | D:4      | Bought a scroll of amnesia for 38 gold pieces
 12920 | D:4      | Bought a scroll of enchant weapon for 82 gold pieces
 12920 | D:4      | Bought a scroll of fear for 38 gold pieces
 13052 | Temple   | Entered the Ecumenical Temple
 13209 | Lair:1   | Entered Level 1 of the Lair of Beasts
 13312 | Lair:1   | Noticed Prince Ribbit
 13325 | Lair:1   | Killed Prince Ribbit
 14183 | Lair:2   | Noticed Frank's ghost (journeyman GrFi)
 14220 | Lair:2   | Killed Frank's ghost
 14220 | Lair:2   | Received a gift from Trog
 14220 | Lair:2   | Reached skill level 10 in Shields
 14258 | Lair:2   | You are sucked into a shaft!
 14551 | Lair:2   | Found a staircase to the Shoals.
 14979 | Lair:2   | Cast into level 3 of the Abyss (merfolk)
 15080 | Abyss:3  | Noticed a profane servitor
 15136 | Abyss:4  | Noticed a tentacled starspawn
 15139 | Abyss:4  | Noticed a tentacled starspawn
 15163 | Abyss:4  | Noticed a starcursed mass
 15175 | Abyss:4  | Killed from afar by a starcursed mass

Skill      XL: |  1  2  3  4  5  6  7  8  9 10 11 12 13 |
---------------+----------------------------------------+-----
Maces & Flails | 4 5 6 7 9 11 12 | 12.5
Fighting       | 5 9 12 13 | 13.6
Armour         | 4 7 10 11 | 11.9
Dodging        | 2 |  2.0
Shields        | 5 11 | 11.3

Action                   |  1- 3 |  4- 6 |  7- 9 | 10-12 | 13-15 || total
-------------------------+-------+-------+-------+-------+-------++-------
Melee: Mace              |   120 |    85 |       |       |       ||   205
       Flail             |       |   157 |       |       |       ||   157
       Broad axe         |       |     3 |   153 |   402 |       ||   558
       War axe           |       |       |    56 |   158 |   303 ||   517
       Morningstar       |       |       |       |    49 |       ||    49
Invok: Berserk           |     1 |     3 |     2 |     5 |     2 ||    13
       Trog's Hand       |     1 |       |       |     4 |     4 ||     9
       Brothers in Arms  |       |       |       |     2 |     1 ||     3
  Use: Scroll            |       |       |     5 |     1 |    14 ||    20
       Potion            |       |       |       |     1 |     1 ||     2
  Eat: Chunk             |       |    11 |    31 |    46 |    14 ||   102
       Pizza             |       |       |       |     1 |       ||     1
Armor: Animal skin       |    13 |       |       |       |       ||    13
       Chain mail        |    88 |    49 |    98 |       |       ||   235
       Plate armour      |       |   119 |       |       |       ||   119
       Gold dragon scale |       |       |    62 |   674 |   262 ||   998
Dodge: Dodged            |    74 |   118 |    97 |   216 |    82 ||   587
Block: Buckler           |       |       |       |    24 |    97 ||   121
